AoeStats
← kolemy

Black Forest

504937213Analyzed
4v4 RM · 25d ago on Sep 7, 2026· 53m 48s· 8 players
Game mode
Random Map
Map size
Large (8 player)
Population
200
Speed
Normal
Resources
Standard
Victory
Conquest
Starting age
Dark Age
Ending age
Imperial Age
RankedLock teamsTeams togetherTeam positionsShared explorationLock speedFull tech treeHidden civsTurbo modeCheats
Victory
Defeat
🇺🇸 Shu · United States
859
+5
🇺🇸 Georgians · United States
803
+6
🇺🇸 Byzantines · United States
784
+7
🇺🇸 Britons · United States
597
+12
🇺🇸 Vietnamese · United States
607
-10
🇬🇹 Vietnamese · Guatemala
548
-7
🇨🇦 Spanish · Canada
535
-7
🇨🇳 Bulgarians · China
494
-6
huntrixLoL
14:01 Feudal Age
14:42 Double-Bit Axe
16:04 Wheelbarrow
19:28 Horse Collar
24:07 Castle Age
22:12 Fishing Lines
23:11 Gold Mining
23:15 Stone Mining
26:18 Bow Saw
26:56 Hand Cart
27:34 Stone Shaft Mining
29:18 Heavy Plow
38:26 Imperial Age
38:16 Padded Archer Armor
38:07 Fletching
37:44 Elite Skirmisher
39:15 Caravan
39:45 Loom
39:46 Town Watch
41:27 Leather Archer Armor
41:07 Bodkin Arrow
40:52 Imperial Skirmisher
41:01 Elite Rattan Archer
42:28 Crop Rotation
42:01 Town Patrol
45:20 Ring Archer Armor
44:52 Bracer
Sour
0:43 Loom
15:57 Feudal Age
19:16 Double-Bit Axe
21:19 Horse Collar
22:45 Town Watch
24:08 Fletching
31:55 Castle Age
29:54 Fletching
31:55 Padded Archer Armor
32:07 Forging
33:12 Elite Skirmisher
35:36 Bodkin Arrow
36:39 Bow Saw
39:28 Gold Mining
48:57 Imperial Age
46:34 Heavy Plow
46:04 Pikeman
49:51 Scale Mail Armor
49:31 Imperial Skirmisher
50:31 Cavalier
kolemy
0:48 Loom
18:56 Feudal Age
19:24 Double-Bit Axe
19:24 Fishing Lines
20:19 Horse Collar
22:21 Wheelbarrow
24:47 Town Watch
27:03 Castle Age
28:43 Fletching
30:36 Bow Saw
30:20 Gold Mining
30:20 Stone Mining
30:25 Gillnets
30:39 Heavy Plow
30:04 Man-at-Arms
30:05 Pikeman
30:08 Crossbowman
35:31 Caravan
35:34 Treadmill Crane
36:15 Ballistics
35:51 Murder Holes
36:07 Fortified Wall
37:04 Hand Cart
36:49 Town Patrol
39:21 Imperial Age
37:17 Bodkin Arrow
37:23 Padded Archer Armor
37:23 Scale Mail Armor
37:34 Forging
37:30 Scale Barding Armor
38:31 Sanctity
38:21 Thumb Ring
37:39 Light Cavalry
38:30 Bloodlines
39:43 Chatras
42:47 Chemistry
42:15 Paper Money
43:43 Two-Man Saw
45:12 Bracer
45:00 Elite Battle Elephant
46:40 Arbalester
掰开腿饮水
0:52 Loom
16:58 Feudal Age
18:17 Wheelbarrow
17:29 Town Watch
22:29 Double-Bit Axe
22:33 Horse Collar
27:32 Castle Age
28:49 Heavy Plow
29:04 Bow Saw
31:51 Pikeman
32:31 Squires
38:30 Gold Mining
38:36 Stone Mining
39:09 Hand Cart
44:44 Imperial Age
42:14 Town Patrol
42:40 Caravan
43:51 Light Cavalry
44:32 Husbandry
50:07 Elite Konnik
51:24 Bloodlines
52:24 Parthian Tactics
51:21 Heavy Cavalry Archer
53:38 Scale Barding Armor
53:38 Scale Mail Armor
53:38 Padded Archer Armor
53:28 Fletching
53:38 Padded Archer Armor
53:29 Fletching
53:50 Forging
t_ttieshotsonly
13:59 Feudal Age
16:21 Horse Collar
16:31 Double-Bit Axe
27:51 Castle Age
28:08 Castle Age
31:56 Fortified Wall
34:51 Imperial Age
36:54 Chemistry
36:16 Ballistics
35:22 Pikeman
35:49 Gambesons
36:05 Squires
36:18 Halberdier
38:05 Wheelbarrow
37:49 Bow Saw
37:44 Heavy Plow
38:09 Arson
40:45 Crop Rotation
41:44 Conscription
52:39 Elite Cataphract
KaiserDER
11:53 Feudal Age
13:27 Loom
17:07 Castle Age
15:38 Double-Bit Axe
15:59 Horse Collar
22:01 Bow Saw
23:10 Wheelbarrow
22:42 Town Watch
23:12 Heavy Plow
25:50 Gold Mining
25:57 Stone Mining
27:05 Hand Cart
31:19 Town Watch
31:42 Caravan
36:40 Imperial Age
34:13 Town Patrol
35:01 Husbandry
35:12 Bloodlines
35:10 Scale Barding Armor
35:16 Forging
36:50 Stone Shaft Mining
37:34 Iron Casting
37:19 Chain Barding Armor
36:53 Elite Monaspa
37:43 Aznauri Cavalry
38:00 Conscription
39:57 Blast Furnace
38:49 Fletching
39:15 Siege Engineers
38:55 Treadmill Crane
39:37 Ballistics
39:29 Masonry
39:32 Fortified Wall
39:18 Murder Holes
39:10 Arrowslits
41:59 Guilds
43:34 Hoardings
43:25 Capped Ram
45:16 Plate Barding Armor
44:37 Bodkin Arrow
44:50 Heavy Scorpion
CuddlingPenguin
1:02 Loom
15:12 Feudal Age
19:12 Castle Age
18:50 Horse Collar
18:57 Double-Bit Axe
25:06 Bow Saw
25:24 Gold Mining
25:40 Heavy Plow
31:04 Fletching
31:43 Bodkin Arrow
33:18 Padded Archer Armor
33:36 Fortified Wall
33:37 Masonry
33:48 Ballistics
35:15 Gold Shaft Mining
34:32 Stone Mining
34:18 Crossbowman
35:04 Thumb Ring
35:18 Leather Archer Armor
35:09 Scale Mail Armor
39:50 Imperial Age
37:58 Wheelbarrow
38:07 Murder Holes
38:30 Chain Mail Armor
38:20 Coiled Serpent Array
40:38 Forging
40:53 Conscription
40:36 Bolt Magazine
41:05 Conscription
40:49 Bolt Magazine
40:12 Elite White Feather Guard
42:11 Caravan
41:41 Pikeman
42:22 Squires
42:25 Bracer
42:56 Ring Archer Armor
42:57 Plate Mail Armor
41:51 Arbalester
43:44 Chemistry
42:51 Siege Engineers
44:49 Architecture
ruderb13
3:48 Loom
12:59 Feudal Age
14:32 Wheelbarrow
14:28 Double-Bit Axe
14:28 Horse Collar
21:03 Castle Age
19:24 Gold Mining
19:52 Stone Mining
22:33 Hand Cart
28:24 Imperial Age
28:28 Bow Saw
30:34 Two-Man Saw
29:56 Heavy Plow
31:36 Gold Shaft Mining
36:05 Padded Archer Armor
36:00 Fletching
36:31 Caravan
36:27 Elite Longbowman
38:05 Ballistics
38:47 Chemistry
38:02 Fortified Wall
37:55 Guard Tower
42:39 Hoardings
42:27 Yeomen
42:39 Conscription
43:29 Coinage
43:11 Guilds
54:15 Keep
53:26 Arrowslits
53:33 Heated Shot
53:40 Murder Holes
53:57 Masonry
53:56 Siege Engineers
53:33 Treadmill Crane
Connection lost

Rejoining the realm…

Still unreachable

The connection could not be restored.

Session expired

The server has moved on; the page needs a fresh start.